 Dungeon Crawl Stone Soup version 0.30.1 (webtiles) character file.

Game seed: 3801981413627508908

1249 coffeetime the Thaumaturge (level 8, 0/58 HPs)
             Began as a Gnoll Hedge Wizard on July 4, 2023.
             Was an Initiate of Gozag.
             Slain by a gnoll sergeant
             ... wielding a +0 trident
              (7 damage)
             ... on level 7 of the Dungeon.
             The game lasted 00:35:05 (6480 turns).

coffeetime the Thaumaturge (Gnoll Hedge Wizard)     Turns: 6480, Time: 00:35:07

Health: 0/58       AC:  7    Str: 12    XL:     8   Next: 50%
Magic:  18/20      EV: 12    Int: 14    God:    Gozag
Gold:   201        SH:  4    Dex: 11    Spells: 11/23 levels left

rFire   . . .        k - +1 spear (heavy)
rCold   . . .        P - +0 buckler
rNeg    . . .        p - +0 leather armour
rPois   .            Q - +2 helmet
rElec   .            O - scarf {repulsion}
rCorr   .            q - +0 pair of gloves
SInv    .            (no boots)
Will    ++...        (no amulet)
Stlth   +++          r - ring of willpower
HPRegen 0.29/turn    J - ring of willpower
MPRegen 0.17/turn

%: repel missiles
@: mighty
A: fangs 1, strong nose, distributed training
a: Renounce Religion, Potion Petition, Call Merchant, Bribe Branch


You were on level 7 of the Dungeon.
You worshipped Gozag.
Gozag was aware of your devotion.
You visited 2 branches of the dungeon, and saw 8 of its levels.
You also visited: Sewer.

You collected 286 gold pieces.
You paid 85 gold pieces to Gozag.

Inventory:

Hand Weapons
 b - a +0 hand axe of flaming
 f - a +2 scimitar of freezing
 k - a +1 heavy spear (weapon)
 n - a +2 dagger of holy wrath
 D - a +0 dagger of venom
 G - a +0 vampiric whip
 M - a +2 quarterstaff of distortion
Missiles
 o - 24 poisoned darts (quivered)
 B - 3 atropa-tipped darts
 C - 44 stones
Armour
 p - a +0 leather armour (worn)
 q - a +0 pair of gloves (worn)
 O - a scarf of repulsion (worn)
 P - a +0 buckler (worn)
 Q - a +2 helmet (worn)
 R - a +0 kite shield
Magical Staves
 g - a staff of death
Jewellery
 r - a ring of willpower (left hand)
 J - a ring of willpower (right hand)
 N - a +6 ring of intelligence
Wands
 s - a wand of paralysis (6)
Scrolls
 c - 4 scrolls of noise {unknown}
 h - a scroll of torment
 m - a scroll of amnesia
 u - a scroll of magic mapping {unknown}
 v - a scroll of enchant weapon
 x - 2 scrolls of fog
 y - a scroll of butterflies {unknown}
 A - 2 scrolls of vulnerability {unknown}
 I - a scroll of brand weapon {unknown}
 K - 2 scrolls of teleportation {unknown}
 S - a scroll of blinking {unknown}
Potions
 a - a potion of brilliance {unknown}
 e - 3 potions of might
 i - 3 potions of flight {unknown}
 j - 3 potions of curing {unknown}
 l - 3 potions of lignification {unknown}
 t - 2 potions of attraction {unknown}
 w - 5 potions of heal wounds {unknown}
 z - a potion of invisibility {unknown}
 E - 2 potions of mutation {unknown}
 F - a potion of cancellation {unknown}
 H - 3 potions of haste {unknown}
 L - 2 potions of resistance {unknown}


   Skills:
 + Level 3.4 Fighting
 + Level 3.4 Short Blades
 + Level 3.4 Long Blades
 + Level 3.4 Axes
 + Level 3.4 Maces & Flails
 + Level 3.4 Polearms
 + Level 3.4 Staves
 + Level 3.4 Ranged Weapons
 + Level 3.4 Throwing
 + Level 3.4 Armour
 + Level 5.8 Dodging
 + Level 5.5 Stealth
 + Level 3.4 Shields
 + Level 3.4 Unarmed Combat
 + Level 8.0 Spellcasting
 + Level 3.6 Conjurations
 + Level 2.8 Hexes
 + Level 3.6 Summonings
 + Level 2.8 Necromancy
 + Level 3.6 Translocations
 + Level 2.8 Transmutations
 + Level 2.8 Fire Magic
 + Level 2.8 Ice Magic
 + Level 2.8 Air Magic
 + Level 2.8 Earth Magic
 + Level 2.8 Poison Magic
 + Level 3.8 Invocations
 + Level 3.4 Evocations


You had 11 spell levels left.
You knew the following spells:

 Your Spells              Type           Power      Damage    Failure   Level
a - Magic Dart            Conj           60%        1d6       5%          1
b - Blink                 Tloc           30%        N/A       8%          2
c - Call Imp              Summ           30%        N/A       8%          2
d - Mephitic Cloud        Conj/Pois/Air  14%        N/A       19%         3
e - Sublimation of Blood  Necr           13%        N/A       11%         2
f - Wereblood             Tmut           13%        N/A       11%         2

Your spell library contained the following spells:

 Spells                   Type           Power      Damage    Failure   Level
 Beastly Appendage        Tmut           26%        N/A       7%          1
 Slow                     Hex            52%        N/A       7%          1
 Cigotuvi's Dreadful Rot  Necr/Pois/Air  26%        N/A       11%         2
 Spider Form              Tmut/Pois      13%        N/A       22%         3
 Summon Hydra             Summ           7%         N/A       100%        7


Dungeon Overview and Level Annotations

Branches:
Dungeon (7/15)             Temple (1/1) D:6           Sewer (visited)

Altars:
Ashenzari
Cheibriados
Dithmenos
Elyvilon
Gozag
Hepliaklqana
Kikubaaqudgha
Nemelex Xobeh
Qazlal
Ru
Sif Muna
Trog
Uskayaw
Vehumet
Wu Jian
Xom
Yredelemnul
Zin
The Shining One

Shops:
D:6 *

Annotations:
D:2 Sigmund
D:6 Eustachio
D:7 Dowan, Duvessa


Innate Abilities, Weirdness & Mutations

You have very sharp teeth.
Your uncanny sense of smell can sniff out nearby items.
Your experience applies equally to all skills.


Message History

* * * LOW HITPOINT WARNING * * *
Your cerulean imp barely misses Duvessa.
You hit Duvessa. Your bite misses Duvessa.
Duvessa is moderately wounded.
Duvessa hits you with a +0 short sword.
* * * LOW HITPOINT WARNING * * *
Dowan mumbles some strange words.
Dowan blinks!
Something completely misses your cerulean imp.
Your cerulean imp hits Duvessa but does no damage.
Duvessa hits you with a +0 short sword.
* * * LOW HITPOINT WARNING * * *
Dowan says, "Magic and the sword, together, will defeat you."
Dowan hits your cerulean imp with a +0 dagger.
Something hits your cerulean imp.
You feel very mighty all of a sudden. You block Duvessa's attack.
Your cerulean imp hits Duvessa but does no damage.
A white imp comes into view.
Dowan closely misses your cerulean imp.
Something completely misses your cerulean imp.
The white imp shouts, "Slither home, thou feeble pigeon-egg whey-face!"
You puncture Duvessa!
Duvessa is heavily wounded.
You hear a loud, deep croak!
Duvessa says, "My weaknesses are his strengths!"
You block Duvessa's attack.
Your cerulean imp hits Duvessa but does no damage.
Duvessa hits your cerulean imp with a +0 short sword.
Your cerulean imp dies!
Your cerulean imp disappears in a puff of smoke!
Dowan gestures wildly while chanting.
Dowan blinks!
Duvessa hits you but does no damage.
You barely miss Duvessa.
Duvessa is heavily wounded.
Duvessa hits you with a +0 short sword.
* * * LOW HITPOINT WARNING * * *
The gnoll sergeant hits you from afar with a +0 trident!
You die...
Your body crumbles into a pile of gold.

#....#............#.#####.
### #...........#.#.# #.
###....#......#.# #.
#.............#.# #.
##.......#....#.#####.
#..###.g...e..........
#...##..§............#
#...###g.............#
#....@e.....#........#
#...###...#####'######
+#...#.....'...........
#.5..#.....#......###.. .
#...<#.....#......# #..
##########<#.....#...§..#
#..
...........#...###......#
#.. #########..#..##
#......# #..
........####.##........#
#..


You could see Duvessa (fast), a gnoll sergeant, Dowan and a white imp.

Vanquished Creatures
  A steam dragon (D:6)
  2 ice beasts
  A black bear (D:5)
  An ogre (D:3)
  A phantom (D:5)
  A kobold brigand (Sewer)
  An orc priest (D:3)
  A hound (D:6)
  Natasha (D:3)
  A sleepcap (D:4)
  An orc wizard (D:6)
  Robin (D:2)
  5 adders
  2 gnolls
  3 river rats (Sewer)
  A worm (D:2)
  11 orcs
  3 bats
  8 endoplasms
  8 giant cockroaches
  10 goblins
  11 hobgoblins
  2 jackals (D:1)
  17 kobolds
  5 quokkas
  6 ball pythons
  2 frilled lizards
  16 rats
123 creatures vanquished.

Vanquished Creatures (collateral kills)
  A phantom (D:5)
  A sleepcap (D:6)
  Natasha (twice) (D:3)
  4 gnolls
  4 adders
  A river rat (Sewer)
  An ufetubus (D:6)
  A worm (D:3)
  2 orcs
  A ball python (Sewer)
  2 goblins (D:2)
  2 hobgoblins (D:2)
  4 kobolds (Sewer)
  A quokka (D:3)
  6 rats
33 creatures vanquished.

Grand Total: 156 creatures vanquished

Notes
Turn   | Place    | Note
-------+----------+-------------------------------------------
     0 | D:1      | coffeetime the Gnoll Hedge Wizard began the quest for the
                  | Orb.
     0 | D:1      | Reached XP level 1. HP: 13/13 MP: 8/8
   194 | D:1      | Reached XP level 2. HP: 19/19 MP: 6/10
   290 | D:1      | Learned a level 2 spell: Blink
   293 | D:1      | Learned a level 2 spell: Call Imp
   626 | D:1      | Reached XP level 3. HP: 25/25 MP: 8/11
  1251 | D:2      | Noticed Robin
  1316 | D:2      | Reached skill level 1 in Invocations
  1361 | D:2      | Killed Robin
  1362 | D:2      | Reached skill level 1 in Fighting
  1362 | D:2      | Reached skill level 1 in Short Blades
  1362 | D:2      | Reached skill level 1 in Long Blades
  1362 | D:2      | Reached skill level 1 in Axes
  1362 | D:2      | Reached skill level 1 in Maces & Flails
  1362 | D:2      | Reached skill level 1 in Polearms
  1362 | D:2      | Reached skill level 1 in Staves
  1362 | D:2      | Reached skill level 1 in Ranged Weapons
  1362 | D:2      | Reached skill level 1 in Throwing
  1362 | D:2      | Reached skill level 1 in Armour
  1362 | D:2      | Reached skill level 1 in Shields
  1362 | D:2      | Reached skill level 1 in Unarmed Combat
  1362 | D:2      | Reached skill level 1 in Evocations
  1520 | D:2      | Reached XP level 4. HP: 32/32 MP: 13/13
  1992 | D:2      | Reached skill level 1 in Hexes
  1992 | D:2      | Reached skill level 1 in Necromancy
  1992 | D:2      | Reached skill level 1 in Transmutations
  1992 | D:2      | Reached skill level 1 in Fire Magic
  1992 | D:2      | Reached skill level 1 in Ice Magic
  1992 | D:2      | Reached skill level 1 in Air Magic
  1992 | D:2      | Reached skill level 1 in Earth Magic
  1992 | D:2      | Reached skill level 1 in Poison Magic
  2109 | D:2      | Noticed Sigmund
  2278 | D:3      | Found a glowing drain.
  2282 | Sewer    | Entered a sewer
  2432 | Sewer    | Reached XP level 5. HP: 37/37 MP: 10/14
  2652 | Sewer    | Noticed a kobold brigand
  2685 | Sewer    | Killed a kobold brigand
  2686 | Sewer    | Reached XP level 6. HP: 37/44 MP: 10/16
  2941 | D:3      | Reached skill level 5 in Dodging
  3379 | D:3      | Noticed Natasha
  3387 | D:3      | Killed Natasha
  3563 | D:3      | Noticed Natasha
  3571 | D:3      | Killed Natasha
  3572 | D:3      | Reached XP level 7. HP: 38/50 MP: 16/18
  3618 | D:3      | Noticed Natasha
  3626 | D:3      | Killed Natasha
  3744 | D:4      | Learned a level 3 spell: Mephitic Cloud
  3929 | D:4      | Learned a level 2 spell: Sublimation of Blood
  3932 | D:4      | Learned a level 2 spell: Wereblood
  4194 | D:5      | Entered Level 5 of the Dungeon
  4400 | D:5      | Reached skill level 5 in Stealth
  4933 | D:5      | HP: 1/51 [acid dragon/splash of acid (28)]
  5057 | D:5      | Reached XP level 8. HP: 41/58 MP: 14/19
  5328 | D:6      | Noticed Eustachio
  5603 | D:6      | Found a staircase to the Ecumenical Temple.
  5651 | D:6      | Found Raucs's General Store.
  5684 | D:6      | Reached skill level 8 in Spellcasting
  6006 | Temple   | Entered the Ecumenical Temple
  6094 | Temple   | Became a worshipper of Gozag Ym Sagoz the Greedy
  6264 | D:7      | Identified the +0 scale mail of Objectivity {Drain rF+++
                  | rC+}
  6397 | D:7      | Noticed Duvessa
  6404 | D:7      | Noticed Dowan
  6480 | D:7      | Slain by a gnoll sergeant

Illustrated notes

Levels and vault maps discovered:
D:1:      dpeg_arrival_oval, layout_basic,
          nicolae_concentric_dashed_squares_wild
D:2:      minmay_door_path, layout_basic, hellmonk_ecumenical_altar_zigzags,
          serial_forest, infiniplex_forest_clump_C,
          infiniplex_forest_clump_double, infiniplex_forest_end_1,
          infiniplex_forest_join, infiniplex_forest_clump_small,
          infiniplex_forest_clump_C, minmay_fountain_box, uniq_robin,
          uniq_sigmund
D:3:      layout_basic, gup_sewer_entry_bowl, uniq_natasha
D:4:      layout_rooms
D:5:      minmay_diamond_boxcup, layout_loops_ring, serial_aquarium,
          aquarium_bridge_square [aquarium_subvault_bridge,
          aquarium_subvault_window, aquarium_subvault_bridge,
          aquarium_subvault_bridge], aquarium_bridge_long_joined
          [aquarium_subvault_window, aquarium_subvault_wall,
          aquarium_subvault_window, aquarium_subvault_bridge,
          aquarium_subvault_window, aquarium_subvault_bridge],
          aquarium_window_2, aquarium_window_1, aquarium_window_3,
          aquarium_view_2f, aquarium_view_2b, nrook_pool_corridor,
          dk_noncrumbling_3, solitary_fountain, minmay_manual_mandibuliform
D:6:      layout_basic, minmay_temple_entry_gardened_gates, serial_shops,
          nicolae_shop_statue_plus, minmay_misc_feat_more_columns,
          chequers_serial_rivers_small_b, uniq_eustachio
D:7:      layout_basic, mainiacjoe_overflow_big_doors, serial_co_window_serial,
          co_window_of_opportunity_a, co_window_paths_a, co_window_paths_b,
          co_window_corner_a, co_window_of_opportunity_a,
          co_window_unsneaky_path_a, co_window_broadway_c, co_window_2corner,
          co_window_broadway_c, co_window_paths_e, uniq_crazy_yiuf_cottage,
          uniq_duvessa
Temple:   nicolae_temple_bog_church

Skill      XL: |  1  2  3  4  5  6  7  8 |
---------------+-------------------------+-----
Conjurations   | 2 3 |  3.6
Summonings     | 2 3 |  3.6
Translocations | 2 3 |  3.6
Invocations    | 1 2 3 |  3.8
Fighting       | 1 2 3 |  3.4
Short Blades   | 1 2 3 |  3.4
Long Blades    | 1 2 3 |  3.4
Axes           | 1 2 3 |  3.4
Maces & Flails | 1 2 3 |  3.4
Polearms       | 1 2 3 |  3.4
Staves         | 1 2 3 |  3.4
Ranged Weapons | 1 2 3 |  3.4
Throwing       | 1 2 3 |  3.4
Armour         | 1 2 3 |  3.4
Shields        | 1 2 3 |  3.4
Unarmed Combat | 1 2 3 |  3.4
Evocations     | 1 2 3 |  3.4
Hexes          | 1 2 |  2.8
Necromancy     | 1 2 |  2.8
Transmutations | 1 2 |  2.8
Fire Magic     | 1 2 |  2.8
Ice Magic      | 1 2 |  2.8
Air Magic      | 1 2 |  2.8
Earth Magic    | 1 2 |  2.8
Poison Magic   | 1 2 |  2.8
Dodging        | 5 |  5.8
Stealth        | 5 |  5.5
Spellcasting   | 8 |  8.0

Action                     |  1- 3 |  4- 6 |  7- 9 || total
---------------------------+-------+-------+-------++-------
  Melee: Scimitar          |    46 |    86 |       ||   132
         Bite              |     3 |    10 |     8 ||    21
         Punch             |       |     1 |     1 ||     2
         Spear             |       |    30 |   140 ||   170
         Whip              |       |     3 |       ||     3
  Throw: Dart              |     1 |     3 |       ||     4
   Cast: Magic Dart        |    49 |    35 |    10 ||    94
         Call Imp          |     5 |    25 |    35 ||    65
         Blink             |     2 |     4 |    10 ||    16
    Use: Scroll            |       |     5 |       ||     5
         Potion            |       |     1 |     3 ||     4
   Stab: Sleeping          |     2 |     3 |     3 ||     8
         Distracted        |       |     2 |     2 ||     4
 Armour: Robe              |     8 |       |       ||     8
         Leather armour    |     1 |    44 |    43 ||    88
  Dodge: Dodged            |    36 |   102 |    95 ||   233
         Repelled          |       |       |     5 ||     5
  Block: Buckler           |       |       |    20 ||    20
